 Seeded DCSS version 0.28.0-47-ge53b351184 (webtiles) character file.

Game seed: 523019199727972820 (custom seed)

9774 thiscave3701365 the Severer (level 11, -2/86 (89) HPs)
             Began as a Minotaur Berserker on May 9, 2022.
             Was a Priest of Trog.
             Slain by a spectral orc knight
             ... wielding a +2 bardiche
             ... summoned by Nergalle
              (14 damage)
             ... on level 10 of the Dungeon.
             The game lasted 00:12:25 (13520 turns).

thiscave3701365 the Severer (Minotaur Berserker)   Turns: 13520, Time: 00:12:26

HP:   -2/86 (89)    AC: 18    Str: 26    XL:     11   Next: 27%
MP:   10/10         EV:  6    Int:  4    God:    Trog [***...]
Gold: 576           SH:  0    Dex: 10    Spells: 10/10 levels left

rFire   . . .      SeeInvis .   h - +2 battleaxe (flame)
rCold   . . .      Faith    .   (shield currently unavailable)
rNeg    . . .      Spirit   .   E - +0 crystal plate armour
rPois   .          Reflect  .   (helmet restricted)
rElec   .          Harm     .   (no cloak)
rCorr   .          Rampage  .   (no gloves)
Will    .....                   (no boots)
Stlth   ..........              B - amulet of regeneration
HPRegen 1.04/turn               (no ring)
MPRegen 0.12/turn               (no ring)

@: confused, lightly drained
A: horns 2, retaliatory headbutt
a: Renounce Religion, Berserk, Trog's Hand


You were on level 10 of the Dungeon.
You worshipped Trog.
Trog was most pleased with you.
You visited 1 branch of the dungeon, and saw 10 of its levels.

You collected 576 gold pieces.

Inventory:

Hand Weapons
 h - a +2 battleaxe of flaming (weapon)
Missiles
 i - a throwing net
Armour
 A - a +0 tower shield
 E - a +0 crystal plate armour (worn)
Jewellery
 a - an amulet of guardian spirit
 B - an amulet of regeneration (around neck)
Wands
 u - a wand of polymorph (2)
 v - a wand of paralysis (9)
 C - a wand of flame (23)
Scrolls
 b - 2 scrolls of blinking
 c - a scroll of fog
 e - 3 scrolls of teleportation
 j - 3 scrolls of identify
 k - a scroll of immolation {unknown}
 o - a scroll of vulnerability
 x - 2 scrolls of summoning
Potions
 d - 4 potions of curing
 f - 2 potions of berserk rage
 g - a potion of resistance
 m - 2 potions of cancellation
 p - 3 potions of invisibility
 q - a potion of might
 t - a potion of heal wounds
 w - a potion of lignification
 z - a potion of mutation


   Skills:
 - Level 6.1 Fighting
 + Level 18.5 Axes
 - Level 0.6 Throwing
 - Level 7.8 Armour
 - Level 3.3 Dodging
 - Level 1.4 Stealth
 - Level 0.9 Unarmed Combat


You had 10 spell levels left.
You didn't know any spells.
Your spell library was empty.

Dungeon Overview and Level Annotations

Branches:
Dungeon (10/15)            Temple (0/1) D:4
   Lair: D:8-11         Orc: D:9-12

Altars:
Ashenzari
Nemelex Xobeh

Shops:
D:7 *

Annotations:
D:9 1 runed translucent door, Cheops's ghost, novice VSFi
D:10 Nergalle


Innate Abilities, Weirdness & Mutations

You have a pair of horns on your head.
You reflexively headbutt those who attack you in melee.


Message History

You completely miss the spectral orc warrior.
You hit the spectral orc knight but do no damage.
You feel sick.
Erica hits you with a +0 scimitar of flaming.
Erica burns you.
The spectral orc knight closely misses you.
The spectral orc warrior barely misses you.
You slice Erica!! You burn Erica. Your headbutt misses Erica.
Erica is almost dead.
You slash the spectral orc warrior! You burn the spectral orc warrior.
You slash the spectral orc knight! You burn the spectral orc knight.
You feel sick.
Erica mumbles some strange words.
Erica flickers and vanishes!
Deactivating autopickup; reactivate with Ctrl-A.
The spectral orc warrior barely misses you.
You feel sick.
You feel sick.
Unknown command.
You feel sick.
You hear some strange, mumbled words.
You are more confused.
The spectral orc knight barely misses you.
Unknown command.
You miss something.
You feel sick.
You barely miss Nergalle. You miss something.
You feel sick.
You are no longer poisoned.
Something hits you. Something burns you.
* * * LOW HITPOINT WARNING * * *
The spectral orc knight hits you from afar with a +2 bardiche!
* * * LOW HITPOINT WARNING * * *
You slash something! You burn something. Trog accepts your kill.
Trog appreciates your killing of a magic user.
Reactivating autopickup.
You feel a bit more experienced.
You hit Nergalle. You burn Nergalle. Nergalle hits you with a +0 dagger.
* * * LOW HITPOINT WARNING * * *
The spectral orc knight hits you from afar with a +2 bardiche!
You die...

............ ..........$
#.........≈ #..........
#.......... #. #.........≈
##..####.Z......≈≈
.......oZ.......≈≈ ...
.(.....@........≈≈ #..#
###..####..#####≈≈ #..#
#..# #..# #..# #..# #..#
#..# #..# #..#
#####..#####..####..#####.
..........................
.>........................
######..#########..######.


You could see Nergalle, a spectral orc warrior (summoned) and a spectral orc
knight (summoned).

Vanquished Creatures
  Josephine (D:10)
  2 hydras
  A two-headed ogre (D:8)
  Erica (D:10)
  Grinder (D:5)
  A hornet (D:9)
  3 wraiths (D:10)
  18 yaks
  A steam dragon (D:6)
  Menkaure (D:4)
  2 acid dragons
  3 orc warriors
  A black bear (D:8)
  A sky beast (D:7)
  A necrophage (D:6)
  The ghost of nickcage the Cudgeller, an amateur DsAK of Lugonu (D:3)
  4 ogres
  3 centaurs
  A phantom (D:4)
  2 kobold brigands
  A bullfrog (D:7)
  A wyvern zombie (D:6)
  4 scorpions
  A wyvern skeleton (D:6)
  5 killer bees (D:9)
  9 wights
  A howler monkey (D:4)
  A centaur zombie (D:6)
  5 orc priests
  2 gnoll shamans
  A jelly (D:6)
  3 hounds
  5 iguanas
  9 orc wizards
  Ijyb (D:4)
  A hound zombie (D:5)
  A hound skeleton (D:4)
  6 gnolls
  A howler monkey zombie (D:9)
  8 adders
  A hound simulacrum (D:3)
  A white imp (D:7)
  An ufetubus (D:5)
  An adder skeleton (D:4)
  3 worms
  A dart slug (D:4)
  An adder simulacrum (D:3)
  23 orcs
  12 endoplasms
  3 giant cockroaches
  4 goblins
  5 hobgoblins
  6 quokkas
  8 ball pythons
  A ball python simulacrum (D:3)
  6 bats
  A frilled lizard (D:1)
  15 kobolds
  8 rats
216 creatures vanquished.

Vanquished Creatures (others)
  48 plants (D:5)
48 creatures vanquished.

Grand Total: 264 creatures vanquished

Notes
Turn   | Place    | Note
-------+----------+-------------------------------------------
     0 | D:1      | thiscave3701365 the Minotaur Berserker began the quest for
                  | the Orb.
     0 | D:1      | Reached XP level 1. HP: 19/19 MP: 0/0
   307 | D:1      | Reached skill level 4 in Axes
   307 | D:1      | Reached XP level 2. HP: 26/27 MP: 1/1
   846 | D:1      | Found a faded altar of an unknown god.
  1289 | D:2      | Reached XP level 3. HP: 33/33 MP: 2/2
  1650 | D:2      | Reached ** piety under Trog
  1663 | D:2      | Found a broken altar of Ashenzari.
  2335 | D:3      | Reached XP level 4. HP: 36/41 MP: 3/3
  2565 | D:3      | Found a runed translucent gate.
  2582 | D:3      | Found a runed translucent gate.
  2582 | D:3      | Found a runed translucent gate.
  2615 | D:3      | Noticed nickcage's ghost (amateur DsAK)
  3220 | D:3      | Killed nickcage's ghost
  3221 | D:3      | Reached skill level 5 in Axes
  3221 | D:3      | Reached XP level 5. HP: 30/47 MP: 4/4
  3945 | D:4      | Reached XP level 6. HP: 21/55 MP: 5/5
  4283 | D:4      | Reached skill level 5 in Fighting
  4355 | D:4      | Reached skill level 6 in Axes
  4804 | D:4      | Found a staircase to the Ecumenical Temple.
  4843 | D:4      | Noticed Ijyb
  4854 | D:4      | Killed Ijyb
  5348 | D:4      | Reached skill level 5 in Armour
  5359 | D:4      | Reached XP level 7. HP: 61/61 MP: 6/6
  5498 | D:4      | Reached *** piety under Trog
  5499 | D:4      | Reached skill level 7 in Axes
  5897 | D:5      | Entered Level 5 of the Dungeon
  5897 | D:5      | Noticed Menkaure
  6250 | D:4      | Killed Menkaure
  6251 | D:4      | Reached skill level 1 in Stealth
  6954 | D:5      | Reached XP level 8. HP: 42/70 MP: 7/7
  7272 | D:5      | Reached skill level 8 in Axes
  7358 | D:5      | Noticed Grinder
  7367 | D:5      | Killed Grinder
  8034 | D:6      | Reached skill level 9 in Axes
  8482 | D:6      | Reached skill level 10 in Axes
  9156 | D:6      | Identified a scroll of acquirement
  9156 | D:6      | Acquired a +2 battleaxe of flaming
  9499 | D:7      | Found Poej's Elemental Accessories.
  9537 | D:7      | Found a sparkling altar of Nemelex Xobeh.
  9554 | D:7      | Reached XP level 9. HP: 75/75 MP: 8/8
  9654 | D:7      | Reached skill level 11 in Axes
 10130 | D:7      | Reached skill level 12 in Axes
 10366 | D:8      | Reached skill level 13 in Axes
 10653 | D:8      | Reached skill level 14 in Axes
 10678 | D:8      | Reached XP level 10. HP: 71/83 MP: 9/9
 10678 | D:8      | Reached **** piety under Trog
 10774 | D:8      | Noticed a seven-headed hydra
 10781 | D:8      | Killed a five-headed hydra
 10944 | D:8      | Reached skill level 15 in Axes
 11266 | D:8      | Noticed a two-headed ogre
 11272 | D:8      | Killed a two-headed ogre
 11273 | D:8      | Reached skill level 16 in Axes
 12055 | D:9      | Reached skill level 17 in Axes
 12787 | D:9      | Found a runed translucent door.
 12791 | D:9      | Noticed Cheops's ghost (novice VSFi)
 12932 | D:9      | Noticed a seven-headed hydra
 12938 | D:9      | Killed a four-headed hydra
 12939 | D:9      | Reached XP level 11. HP: 70/89 MP: 10/10
 13226 | D:10     | Entered Level 10 of the Dungeon
 13227 | D:10     | Noticed Josephine
 13235 | D:10     | Reached skill level 18 in Axes
 13237 | D:10     | Killed Josephine
 13501 | D:10     | Noticed Erica
 13506 | D:10     | Noticed Nergalle
 13520 | D:10     | Killed Erica
 13520 | D:10     | Slain by a spectral orc knight

Illustrated notes

Levels and vault maps discovered:
D:1:      minmay_arrival_floating_metal, layout_loops_corners,
          shapermc_ecumenical_altar_notcrosses, minivault_11
D:2:      layout_basic, basic_altar
D:3:      layout_basic, gammafunk_ghost_icy
D:4:      minmay_chambers_of_twos, layout_loops_cross,
          minmay_temple_entry_fiery, minmay_fractal_squares_5, uniq_ijyb
D:5:      layout_rooms, serial_bayou_lagoon_a, uniq_grinder, uniq_menkaure
D:6:      layout_loops_ring, grunt_decor_fettered, kennysheep_small_circle
D:7:      layout_loops_ring, mainiacjoe_overflow_small_starburst,
          nicolae_elemental_shop
D:8:      layout_rooms
D:9:      layout_stronghold, ebering_ghost_reflecting_pool
D:10:     layout_small_grid, erik_lair_island, uniq_urug, uniq_nergalle,
          uniq_josephine, uniq_erica

Skill      XL: |  1  2  3  4  5  6  7  8  9 10 11 |
---------------+----------------------------------+-----
Axes           | 4 5 6 7 10 14 17 18 | 18.5
Fighting       | 4 5 6 |  6.1
Armour         | 3 4 5 6 7 |  7.8
Stealth        | 1 |  1.4
Dodging        | 3 |  3.3
Throwing       | |  0.6
Unarmed Combat | |  0.9

Action                   |  1- 3 |  4- 6 |  7- 9 | 10-12 || total
-------------------------+-------+-------+-------+-------++-------
Melee: Hand axe          |    68 |   133 |   142 |       ||   343
       Headbutt          |     9 |    18 |    42 |    15 ||    84
       Unarmed           |       |     7 |       |       ||     7
       Punch             |       |     1 |     1 |       ||     2
       Battleaxe         |       |       |   104 |   101 ||   205
Throw: Throwing net      |       |     1 |       |       ||     1
Invok: Berserk           |       |     6 |    17 |     9 ||    32
  Use: Scroll            |       |       |    15 |     3 ||    18
Armor: Animal skin       |     6 |       |       |       ||     6
       Chain mail        |     4 |    56 |    76 |       ||   136
       Skin              |       |     1 |       |       ||     1
       Crystal plate arm |       |       |    72 |    85 ||   157
Dodge: Dodged            |    33 |    37 |    73 |    41 ||   184
Block: Tower shield      |       |       |     9 |       ||     9
